 Dungeon Crawl Stone Soup version 0.21.0 (webtiles) character file.

2203 manyhoops the Fighter (level 9, -5/69 HPs)
             Began as a Gnoll Wanderer on Jan 7, 2018.
             Was a Follower of Hepliaklqana.
             Killed by divine providence
             ... invoked by an orc priest
              (15 damage)
             ... on level 6 of the Dungeon.
             The game lasted 00:08:04 (4899 turns).

manyhoops the Fighter (Gnoll Wanderer)              Turns: 4899, Time: 00:08:05

Health: -5/69      AC:  8    Str: 17    XL:     9   Next: 34%
Magic:  15/15      EV: 12    Int: 14    God:    Hepliaklqana [*.....]
Gold:   322        SH:  0    Dex: 18    Spells: 16/16 levels left

rFire    . . .     SeeInvis +   j - +2 flail (drain)
rCold    . . .     Gourm    .   (no shield)
rNeg     . . .     Faith    .   l - +0 scale mail
rPois    .         Spirit   .   (no helmet)
rElec    .         Reflect  .   (no cloak)
rCorr    .         Harm     .   u - +0 pair of gloves {archery}
MR       .....                  (no boots)
Stlth    ++........             (no amulet)
HPRegen  0.21/turn              e - +2 ring of dexterity
MPRegen  0.14/turn              x - ring of see invisible

@: very slightly contaminated, hasted, invisible, very quick
A: distributed training, reduced essence, fangs 1, strong nose
a: Recall Ancestor, Ancestor Identity, Renounce Religion


You were on level 6 of the Dungeon.
You worshipped Hepliaklqana.
Hepliaklqana was aware of your devotion.
You were not hungry.

You visited 2 branches of the dungeon, and saw 8 of its levels.

You collected 322 gold pieces.

Inventory:

Hand Weapons
 j - a +2 flail of draining (weapon)
Missiles
 m - 99 stones
 n - 5 javelins (quivered)
Armour
 l - a +0 scale mail (worn)
 u - a +0 pair of gloves of archery (worn)
Jewellery
 e - a +2 ring of dexterity (left hand)
 x - a ring of see invisible (right hand)
Wands
 w - a wand of random effects (19)
Scrolls
 a - a scroll of teleportation {unknown}
 c - 2 scrolls of enchant weapon
 g - 6 scrolls of remove curse
 k - a scroll of magic mapping {unknown}
 p - a scroll of fog
 B - a scroll of blinking
Potions
 d - a potion of agility {unknown}
 h - a potion of brilliance
 i - a potion of ambrosia {unknown}
 o - 2 potions of magic
 q - a potion of mutation
 r - 2 potions of flight
 A - a potion of heal wounds {unknown}
Comestibles
 f - 6 rations


   Skills:
 + Level 9.5 Fighting
 + Level 4.0 Short Blades
 + Level 4.0 Long Blades
 + Level 4.0 Axes
 + Level 4.0 Maces & Flails
 + Level 4.9 Polearms
 + Level 4.0 Staves
 + Level 4.0 Slings
 + Level 4.0 Bows
 + Level 4.0 Crossbows
 + Level 4.0 Throwing
 + Level 4.0 Armour
 + Level 4.9 Dodging
 + Level 5.9 Stealth
 + Level 4.0 Shields
 + Level 4.0 Unarmed Combat
 + Level 4.0 Spellcasting
 + Level 3.3 Conjurations
 + Level 3.3 Hexes
 + Level 3.3 Charms
 + Level 3.3 Summonings
 + Level 3.3 Necromancy
 + Level 3.3 Translocations
 + Level 3.3 Transmutations
 + Level 3.3 Fire Magic
 + Level 3.3 Ice Magic
 + Level 3.3 Air Magic
 + Level 3.3 Earth Magic
 + Level 3.3 Poison Magic
 + Level 4.5 Invocations
 + Level 6.2 Evocations


You had 16 spell levels left.
You didn't know any spells.

Dungeon Overview and Level Annotations

Branches:
Dungeon (7/15)             Temple (1/1) D:4

Altars:
Ashenzari
Cheibriados
Dithmenos
Elyvilon
Fedhas
Gozag
Hepliaklqana
Kikubaaqudgha
Makhleb
Nemelex Xobeh
Okawaru
Qazlal
Ru
Sif Muna
Uskayaw
Wu Jian
Zin
The Shining One


Innate Abilities, Weirdness & Mutations

Your experience applies equally to all skills.
You have very sharp teeth.
Your uncanny sense of smell can sniff out nearby items.
Your life essence is reduced to manifest your ancestor. (-10% HP)


Message History

Sextus hits the orc warrior but does no damage.
The orc warrior hits you from afar with a trident!
* * * LOW HITPOINT WARNING * * *
You climb upwards.
There is a stone staircase leading down here.
You feel yourself speed up.
The orc priest mumbles some strange prayers to Beogh against you.
Beogh smites you!
* * * LOW HITPOINT WARNING * * *
You barely miss the orc priest.
The orc priest hits you but does no damage.
You completely miss the orc priest.
It was a potion of invisibility.
You fade into invisibility!
The orc priest barely misses you.
You are very lightly contaminated with residual magic.
It was a potion of curing.
You feel better.
The orc priest calls down the wrath of Beogh upon you.
Beogh smites you!
You die...

...............##...##.........#.
..............##.....##...####.#.
..............#.......#...# #.#.
#############....._......## #.#.
###.......##.# #... ##.....###.#
###. ###...####.# ## #.##.##....#
##@..'.....# #o..#..#### #...####
#...# ####### #.(.# ##.#....
#...# ###.......
#..)#####.......#.
#......#......####
######......###


You could see an orc priest.

Vanquished Creatures
  Sigmund (D:5)
  4 ogres
  A centaur (D:6)
  A bullfrog (D:6)
  A scorpion (D:4)
  A howler monkey (D:6)
  A crimson imp (D:5)
  A centaur zombie (D:6)
  A jelly (D:6)
  A quasit (D:5)
  2 hounds (D:6)
  2 orc wizards (D:5)
  An orc priest (D:4)
  5 worker ants
  A hound skeleton (D:5)
  A hound zombie (D:6)
  7 gnolls
  7 adders
  A howler monkey skeleton (D:6)
  2 adder skeletons
  2 worms
  2 dart slugs
  3 leopard geckos
  9 orcs
  2 ball pythons
  3 giant cockroaches
  4 hobgoblins
  2 jackals (D:5)
  4 kobolds
  3 quokkas
  6 bats
  4 frilled lizards
  10 goblins
  A jackal skeleton (D:5)
  3 rats
100 creatures vanquished.

Vanquished Creatures (collateral kills)
  The ghost of Regeox the Cudgeler, a novice DsGl of Okawaru (D:5)
  An orc warrior (D:6)
  A sky beast (D:6)
  A scorpion (D:4)
  A howler monkey (D:6)
  A crimson imp (D:5)
  A bullfrog skeleton (D:6)
  An orc priest (D:6)
  4 gnolls (D:6)
  A shadow imp (D:5)
  2 orcs (D:6)
  A quokka (D:4)
16 creatures vanquished.

Vanquished Creatures (others)
  2 ancestors (D:4)
2 creatures vanquished.

Grand Total: 118 creatures vanquished

Notes
Turn   | Place    | Note
-------+----------+-------------------------------------------
     0 | D:1      | manyhoops the Gnoll Wanderer began the quest for the Orb.
     0 | D:1      | manyhoops set off with: a +2 dagger, a potion of haste, a potion of lignification, a +0 spear, a +0 robe, a ration
     0 | D:1      | Reached XP level 1. HP: 26/26 MP: 3/3
    75 | D:1      | Reached XP level 2. HP: 33/33 MP: 5/5
   499 | D:2      | Reached XP level 3. HP: 38/38 MP: 6/6
   793 | D:2      | Reached skill level 1 in Invocations
   818 | D:2      | Reached skill level 1 in Short Blades
   818 | D:2      | Reached skill level 1 in Long Blades
   818 | D:2      | Reached skill level 1 in Axes
   818 | D:2      | Reached skill level 1 in Maces & Flails
   818 | D:2      | Reached skill level 1 in Staves
   818 | D:2      | Reached skill level 1 in Slings
   818 | D:2      | Reached skill level 1 in Bows
   818 | D:2      | Reached skill level 1 in Crossbows
   818 | D:2      | Reached skill level 1 in Throwing
   818 | D:2      | Reached skill level 1 in Armour
   818 | D:2      | Reached skill level 1 in Shields
   818 | D:2      | Reached skill level 1 in Unarmed Combat
   818 | D:2      | Reached skill level 1 in Spellcasting
   818 | D:2      | Reached XP level 4. HP: 30/45 MP: 7/7
  1651 | D:3      | Reached skill level 1 in Conjurations
  1651 | D:3      | Reached skill level 1 in Hexes
  1651 | D:3      | Reached skill level 1 in Charms
  1651 | D:3      | Reached skill level 1 in Summonings
  1651 | D:3      | Reached skill level 1 in Necromancy
  1651 | D:3      | Reached skill level 1 in Translocations
  1651 | D:3      | Reached skill level 1 in Transmutations
  1651 | D:3      | Reached skill level 1 in Fire Magic
  1651 | D:3      | Reached skill level 1 in Ice Magic
  1651 | D:3      | Reached skill level 1 in Air Magic
  1651 | D:3      | Reached skill level 1 in Earth Magic
  1651 | D:3      | Reached skill level 1 in Poison Magic
  1844 | D:3      | Found an ornate altar of the Wu Jian Council.
  1889 | D:3      | Found an iron altar of Okawaru.
  1905 | D:3      | Reached XP level 5. HP: 37/51 MP: 8/8
  2331 | D:4      | Found a staircase to the Ecumenical Temple.
  2589 | D:4      | Noticed an ogre
  2625 | D:4      | Killed an ogre
  2625 | D:4      | Reached XP level 6. HP: 22/57 MP: 9/9
  2886 | Temple   | Entered the Ecumenical Temple
  2894 | Temple   | Became a worshipper of Hepliaklqana the Forgotten
  2940 | D:4      | Found a shattered altar of Ashenzari.
  3004 | D:4      | Reached skill level 5 in Evocations
  3184 | D:4      | Reached XP level 7. HP: 37/56 MP: 10/10
  3282 | D:4      | Found a deep blue altar of Sif Muna.
  3297 | D:4      | Found a blossoming altar of Fedhas.
  3392 | D:5      | Entered Level 5 of the Dungeon
  3532 | D:5      | Found a snail-covered altar of Cheibriados.
  3696 | D:5      | Noticed Sigmund
  3725 | D:5      | Killed Sigmund
  3725 | D:5      | Reached skill level 9 in Fighting
  3725 | D:5      | Reached skill level 5 in Stealth
  3757 | D:5      | Found a sacrificial altar of Ru.
  3777 | D:5      | Reached XP level 8. HP: 46/63 MP: 12/12
  3785 | D:5      | Reached * piety under Hepliaklqana
  3972 | D:5      | Found an ancient bone altar of Kikubaaqudgha.
  4027 | D:5      | Noticed Regeox's ghost (novice DsGl)
  4045 | D:5      | Killed Regeox's ghost
  4194 | D:5      | Found a glowing silver altar of Zin.
  4369 | D:6      | Reached XP level 9. HP: 52/68 MP: 14/14
  4475 | D:6      | Found a sparkling altar of Nemelex Xobeh.
  4734 | D:6      | Found a hide-covered altar of Uskayaw.
  4772 | D:6      | Found a glowing golden altar of the Shining One.
  4895 | D:6      | HP: 2/69 [orc priest/divine providence (12)]
  4899 | D:6      | Killed from afar by an orc priest

Skill      XL: |  1  2  3  4  5  6  7  8  9 |
---------------+----------------------------+-----
Invocations    | 1 2 3 4 |  4.5
Short Blades   | 1 2 3 4 |  4.0
Long Blades    | 1 2 3 4 |  4.0
Axes           | 1 2 3 4 |  4.0
Maces & Flails | 1 2 3 4 |  4.0
Staves         | 1 2 3 4 |  4.0
Slings         | 1 2 3 4 |  4.0
Bows           | 1 2 3 4 |  4.0
Crossbows      | 1 2 3 4 |  4.0
Throwing       | 1 2 3 4 |  4.0
Armour         | 1 2 3 4 |  4.0
Shields        | 1 2 3 4 |  4.0
Unarmed Combat | 1 2 3 4 |  4.0
Spellcasting   | 1 2 3 4 |  4.0
Conjurations   | 1 2 3 |  3.3
Hexes          | 1 2 3 |  3.3
Charms         | 1 2 3 |  3.3
Summonings     | 1 2 3 |  3.3
Necromancy     | 1 2 3 |  3.3
Translocations | 1 2 3 |  3.3
Transmutations | 1 2 3 |  3.3
Fire Magic     | 1 2 3 |  3.3
Ice Magic      | 1 2 3 |  3.3
Air Magic      | 1 2 3 |  3.3
Earth Magic    | 1 2 3 |  3.3
Poison Magic   | 1 2 3 |  3.3
Polearms       | 3 4 |  4.9
Dodging        | 3 4 |  4.9
Evocations     | 5 6 |  6.2
Fighting       | 9 |  9.5
Stealth        | 5 |  5.9

Action                   |  1- 3 |  4- 6 |  7- 9 || total
-------------------------+-------+-------+-------++-------
Melee: Spear             |   120 |   146 |       ||   266
       Bite              |    10 |    14 |    23 ||    47
       Flail             |       |    17 |   174 ||   191
       Punch             |       |       |     4 ||     4
Throw: Stone             |       |     8 |       ||     8
       Javelin           |       |    10 |     8 ||    18
Invok: Recall Ancestor   |       |     1 |       ||     1
  Use: Potion            |     3 |     4 |     4 ||    11
       Scroll            |     3 |     2 |     3 ||     8
 Stab: Sleeping          |     7 |     2 |     5 ||    14
       Distracted        |     1 |     1 |       ||     2
  Eat: Chunk             |       |     5 |     1 ||     6
       Ration            |       |     1 |     1 ||     2
Armor: Robe              |    11 |     6 |       ||    17
       Skin              |     4 |    24 |    15 ||    43
       Scale mail        |       |    19 |    65 ||    84
Dodge: Dodged            |    57 |    62 |   126 ||   245
